 Dungeon Crawl Stone Soup version 0.25.1-2-g60ff931df9 (webtiles) character file.

Game seed: 2455364401922903905

46 gruber the Chopper (level 3, 0/31 HPs)
             Began as a Minotaur Fighter on Dec 3, 2020.
             Slain by Robin
             ... wielding a +0 mace
              (1 damage)
             ... on level 2 of the Dungeon.
             The game lasted 00:00:46 (789 turns).

gruber the Chopper (Minotaur Fighter)                Turns: 789, Time: 00:00:46

Health: 0/31       AC:  8    Str: 21    XL:     3   Next: 46%
Magic:  2/2        EV:  7    Int:  5    God:
Gold:   27         SH:  9    Dex:  9    Spells: 2/2 levels left

rFire    . . .     SeeInvis .   a - +1 war axe
rCold    . . .     Gourm    .   c - +0 kite shield
rNeg     . . .     Faith    .   b - +0 scale mail
rPois    .         Spirit   .   (helmet restricted)
rElec    .         Reflect  .   (no cloak)
rCorr    +         Harm     .   (no gloves)
MR       .....                  n - +0 pair of boots
Stlth    ..........             e - amulet of inaccuracy (curse)
HPRegen  0.10/turn              i - ring of resist corrosion
MPRegen  0.08/turn              (no ring)

@: no status effects
A: retaliatory headbutt, horns 2
a: no special abilities


You were on level 2 of the Dungeon.
You were not hungry.

You visited 1 branch of the dungeon, and saw 2 of its levels.

You collected 27 gold pieces.

Inventory:

Hand Weapons
 a - a +1 war axe (weapon)
Armour
 b - a +0 scale mail (worn)
 c - a +0 kite shield (worn)
 n - a +0 pair of boots (worn)
Jewellery
 e - a cursed amulet of inaccuracy (around neck)
 i - a ring of resist corrosion (left hand)
Scrolls
 h - a scroll of remove curse {unknown}
 k - a scroll of blinking {unknown}
 o - a scroll of teleportation {unknown}
 p - a scroll of magic mapping {unknown}
Potions
 d - a potion of might
 j - 2 potions of curing {unknown}
 l - a potion of lignification {unknown}
 m - a potion of heal wounds {unknown}
 q - a potion of magic {unknown}
Comestibles
 f - 3 rations


   Skills:
 - Level 3.6 Fighting
 + Level 4.8 Axes
 - Level 3.6 Armour
 - Level 3.6 Shields


You had 2 spell levels left.
You didn't know any spells.
Your spell library was empty.

Dungeon Overview and Level Annotations

Branches:
Dungeon (2/15)

Altars:

Annotations:
D:2 Robin


Innate Abilities, Weirdness & Mutations

You reflexively headbutt those who attack you in melee.
You have a pair of horns on your head.


Message History

Unknown command.
You miss Robin.
Robin is almost dead.
You hit the goblin. Robin hits you with a +0 mace.
* * * LOW HITPOINT WARNING * * *
A goblin comes into view. It is wielding a -1 club.
The goblin hits you but does no damage. x2
You closely miss Robin.
Robin is almost dead.
You barely miss the goblin.
The goblin shouts!
Robin hits you with a +0 mace.
* * * LOW HITPOINT WARNING * * *
You block the goblin's attack.
You closely miss Robin.
Robin is almost dead.
You closely miss the goblin.
Robin says, "Duck!"
Robin hits you with a +0 mace.
You die...

#. #. # .#. #.
# ..... #
#..#. # #....
# #.#.### # #
.# #..)g.#.# #
#.#
#...@.#.###.#
# #.#
#..†g).......
# #.#
#.....########
###.#
#.............
.##.#
###.#.########
....######.
#.#.#
...........
..#.#
....######
####.# .....##
#.#


You could see Robin and a goblin (strong).

Vanquished Creatures
  An ooze (D:2)
  A worm (D:2)
  A ball python (D:1)
  A giant cockroach (D:1)
  11 goblins
  2 hobgoblins
  5 kobolds
  7 bats
  2 frilled lizards (D:1)
  3 rats
34 creatures vanquished.

Vanquished Creatures (others)
  4 toadstools (D:1)
4 creatures vanquished.

Grand Total: 38 creatures vanquished

Notes
Turn   | Place    | Note
-------+----------+-------------------------------------------
     0 | D:1      | gruber the Minotaur Fighter began the quest for the Orb.
     0 | D:1      | Reached XP level 1. HP: 19/19 MP: 0/0
    91 | D:1      | Reached skill level 3 in Axes
   144 | D:1      | Reached XP level 2. HP: 24/26 MP: 1/1
   518 | D:2      | Reached skill level 4 in Axes
   665 | D:2      | Reached XP level 3. HP: 29/31 MP: 2/2
   774 | D:2      | Noticed Robin
   788 | D:2      | HP: 1/31 [Robin/+0 mace (3)]
   789 | D:2      | Slain by Robin

Illustrated notes

Levels and vault maps discovered:
D:1:      ldierk_water_garden, layout_rooms
D:2:      layout_loops_ring, uniq_robin, uniq_sigmund

Skill      XL: |  1  2 |
---------------+-------+-----
Axes           | 3 4 |  4.8
Fighting       | |  3.6
Armour         | |  3.6
Shields        | |  3.6

Action                   || total
-------------------------++-------
Melee: War axe           ||    71
       Headbutt          ||     6
  Use: Scroll            ||     1
Armor: Scale mail        ||    50
Dodge: Dodged            ||    28
Block: Kite shield       ||    55
